 Dungeon Crawl Stone Soup version 0.25-a0-2-g6559c6c (webtiles) character file.

Game seed: 9857823088928716446, levelgen mode: deterministic

161 pkoi the Ruffian (level 5, -10/45 HPs)
             Began as a Draconian Monk on Oct 14, 2019.
             Was a Believer of Ru.
             Mangled by Pikel
             ... wielding a +0 whip of freezing
              (17 damage)
             ... on level 3 of the Dungeon.
             The game lasted 00:04:57 (2117 turns).

pkoi the Ruffian (Draconian Monk)                   Turns: 2117, Time: 00:04:57

Health: -10/45     AC:  5    Str: 14    XL:     5   Next: 19%
Magic:  14/14      EV: 13    Int: 11    God:    Ru [**....]
Gold:   151        SH:  0    Dex: 13    Spells: 4/4 levels left

rFire    . . .     SeeInvis .     - Unarmed
rCold    . . .     Gourm    .   (shield unavailable)
rNeg     . . .     Faith    .   (armour unavailable)
rPois    .         Spirit   .   (helmet restricted)
rElec    .         Reflect  .   (no cloak)
rCorr    .         Harm     .   (no gloves)
MR       .....                  (no boots)
Stlth    ++........             (no amulet)
HPRegen  0.15/turn              (ring unavailable)
MPRegen  0.14/turn              m - ring of magical power

@: slowed, very slow
A: unfitting armour, cold-blooded, missing a hand, AC +5
a: Renounce Religion


You were on level 3 of the Dungeon.
You worshipped Ru.
Ru was pleased with you.
You were not hungry.

You visited 1 branch of the dungeon, and saw 4 of its levels.

You collected 151 gold pieces.

Inventory:

Jewellery
 j - a +5 ring of dexterity
 m - a ring of magical power (right hand)
 n - an uncursed ring of fire
Scrolls
 e - a scroll of blinking {unknown}
 i - a scroll of remove curse
 k - 2 scrolls of teleportation {unknown}
Potions
 b - 2 potions of flight
Comestibles
 a - 4 rations
 g - 2 chunks of flesh


   Skills:
 + Level 3.3 Fighting
 + Level 2.7 Dodging
 - Level 1.7 Stealth
 * Level 5.9 Unarmed Combat


You had 4 spell levels left.
You didn't know any spells.
Your spell library was empty.

Dungeon Overview and Level Annotations

Branches:
Dungeon (4/15)
 Temple: D:4-7

Altars:
Ru
Trog

Annotations:
D:3 Pikel


Innate Abilities, Weirdness & Mutations

Your plain brown scales are hard. (AC +5)
You cannot fit into any form of body armour.
You are cold-blooded and may be slowed by cold attacks.
You are missing a hand.


Message History

Pikel is lightly wounded.
Pikel hits you with a +0 whip of freezing.
* * * LOW HITPOINT WARNING * * *
You feel as though you will be slow longer.
Pikel freezes you.
* * * LOW HITPOINT WARNING * * *
Okay, then.
As you read the scroll labeled DIASKU WIPA, it crumbles to dust.
The scroll dissolves into smoke.
It was a scroll of fog.
Pikel closely misses you.
Pikel hits you with a +0 whip of freezing!
* * * LOW HITPOINT WARNING * * *
Pikel freezes you.
* * * LOW HITPOINT WARNING * * *
Okay, then.
As you read the scroll labeled KUTOWACIGA, it crumbles to dust.
It is a scroll of identify.
i - a scroll of remove curse Pikel hits you with a +0 whip of freezing!
You die...

#..####...###### #..#
#...#..... #..#
#...#.####
########..####...#.#.##
#..........[...........
#...............##.#.##
#...............##.....
#....§K§........####.##
#....§@§§.........#....
#....§§§§.......#.#..#.
#.....§.§.)####.#.#..#.
#..........# #.#.#..#<
############ #.#.#..#.
#.#.#..#. #.#+#....
#########.......#
#.....).......[.#


You could see Pikel.

Vanquished Creatures
  A slave (D:4)
  An orc priest (D:3)
  An orc wizard (D:3)
  3 adders (D:3)
  An ooze (D:4)
  2 dart slugs
  A leopard gecko (D:1)
  9 orcs (D:3)
  3 ball pythons
  5 giant cockroaches
  5 goblins
  2 hobgoblins (D:2)
  4 jackals (D:2)
  2 quokkas (D:3)
  4 bats
  4 frilled lizards
  5 kobolds
  11 rats
64 creatures vanquished.

Notes
Turn   | Place    | Note
-------+----------+-------------------------------------------
     0 | D:1      | pkoi the Draconian Monk began the quest for the Orb.
     0 | D:1      | Reached XP level 1. HP: 19/19 MP: 1/1
   356 | D:1      | Reached XP level 2. HP: 22/26 MP: 2/2
   663 | D:2      | Found a sacrificial altar of Ru.
   678 | D:2      | Became a worshipper of Ru the Awakened
   684 | D:2      | Gained mutation: You are missing a hand. [Ru sacrifice]
   684 | D:2      | Reached * piety under Ru
   684 | D:2      | Reached ** piety under Ru
   808 | D:2      | Found a bloodstained altar of Trog.
   834 | D:2      | Reached skill level 4 in Unarmed Combat
   940 | D:2      | Reached XP level 3. HP: 31/31 MP: 3/3
   952 | D:2      | Found a faded altar of an unknown god.
  1376 | D:3      | Reached skill level 5 in Unarmed Combat
  1376 | D:3      | Reached XP level 4. HP: 26/38 MP: 4/4
  1762 | D:3      | Reached XP level 5. HP: 25/45 MP: 5/5
  2057 | D:4      | Noticed Pikel
  2057 | D:4      | Noticed a slave
  2057 | D:4      | Noticed a slave
  2057 | D:4      | Noticed a slave
  2057 | D:4      | Noticed a slave
  2095 | D:4      | Killed a slave
  2117 | D:3      | Mangled by Pikel

Levels and vault maps discovered:
D:1:      dpeg_arrival_tiny_h, layout_rooms
D:2:      layout_basic, lemuel_doored_altar, lemuel_round_altar,
          chequers_ecumenical_altar_simple
D:3:      layout_basic
D:4:      layout_loops_ring, old_standard_altar, first_ration, uniq_grinder,
          uniq_pikel

Skill      XL: |  1  2  3 |
---------------+----------+-----
Unarmed Combat | 4 5 |  5.9
Fighting       | |  3.3
Dodging        | |  2.7
Stealth        | |  1.7

Action                   |  1- 3 |  4- 6 || total
-------------------------+-------+-------++-------
Melee: Unarmed           |   150 |    87 ||   237
       Tailslap          |    15 |     9 ||    24
       Punch             |     1 |       ||     1
Invok: Sacrifice a Hand  |     1 |       ||     1
  Use: Potion            |       |     5 ||     5
       Scroll            |       |     2 ||     2
 Stab: Sleeping          |     3 |     3 ||     6
  Eat: Chunk             |     2 |     2 ||     4
Armor: Skin              |    34 |    16 ||    50
Dodge: Dodged            |    85 |    60 ||   145

Table legend:
 A = Non-vault XP
 B = Vault XP
 C = Vault XP percentage of total XP
 D = Non-vault monster count
 E = Vault monster count
 F = Vault count percentage of total count
                 A         B        C        D         E       F
            +---------+---------+-------+---------+---------+-------
      Total |     231 |       0 |   0.0 |      63 |       0 |   0.0
            +---------+---------+-------+---------+---------+-------
        D:1 |      18 |       0 |   0.0 |      14 |       0 |   0.0
        D:2 |      29 |       0 |   0.0 |      16 |       0 |   0.0
        D:3 |     175 |       0 |   0.0 |      31 |       0 |   0.0
        D:4 |       9 |       0 |   0.0 |       2 |       0 |   0.0
            +---------+---------+-------+---------+---------+-------
